 Dungeon Crawl Stone Soup version 0.31-a0-920-g28cbb04a8c (webtiles) character file.

Game seed: 5720584341848282964

657 night the Ruffian (level 7, 0/46 HPs)
             Began as an Octopode Shapeshifter on Oct 17, 2023.
             Slain by a black bear (7 damage)
             ... on level 5 of the Dungeon.
             The game lasted 00:06:16 (3284 turns).

night the Ruffian (Octopode Shapeshifter)           Turns: 3284, Time: 00:06:16

Health: 0/46       AC:  1    Str: 13    XL:     7   Next: 55%
Magic:  7/7        EV: 13    Int: 15    God:
Gold:   191        SH:  0    Dex: 11    Spells: 6/6 levels left

rFire   . .          .
                       - Unarmed
rCold   . . .        (no shield)
rNeg    . . .        (helmet currently unavailable)
rPois   .            (no amulet)
rElec   .            (no ring)
rCorr   .            (no ring)
SInv    .            (no ring)
Will    .....        (no ring)
Stlth   +++          (no ring)
HPRegen 0.27/turn    (no ring)
MPRegen 0.10/turn    (no ring)
                     (no ring)

%: no passive effects
@: beast-form
A: beast (slay +2), almost no armour, amphibious, 8 rings, camouflage 1,
gelatinous body 1, (nimble swimmer 1), tentacles
a: Begin Untransformation


You were on level 5 of the Dungeon.
You were a hulking beast.
You visited 1 branch of the dungeon, and saw 5 of its levels.

You collected 191 gold pieces.

Inventory:

Missiles
 d - 33 stones
 i - 7 poisoned darts
 j - 2 darts of dispersal
Jewellery
 k - a ring of protection from fire
Talismans
 b - a beast talisman (active)
 c - a flux talisman
 l - a serpent talisman
Wands
 t - a wand of polymorph (13)
Scrolls
 e - a scroll of teleportation
 f - 2 scrolls of enchant armour
 m - 2 scrolls of fear
 s - 2 scrolls of blinking
Potions
 a - a potion of lignification
 h - a potion of mutation {unknown}
 n - a potion of attraction {unknown}
 o - a potion of magic {unknown}
 p - a potion of curing {unknown}
 r - 2 potions of invisibility
 u - a potion of might {unknown}


   Skills:
 + Level 3.0 Fighting
 + Level 3.6 Dodging
 + Level 3.9 Stealth
 * Level 5.1 Unarmed Combat
 * Level 4.8 Shapeshifting


You had 6 spell levels left.
You didn't know any spells.
Your spell library contained the following spells:

 Spells                   Type           Power      Damage    Failure   Level
 Foxfire                  Conj/Fire      0%         2x1d4     26%         1
 Magic Dart               Conj           0%         1d3       26%         1
 Searing Ray              Conj           0%         2d4       38%         2
 Fulminant Prism          Conj/Hex       0%         3d5       95%         4
 Plasma Beam              Fire/Air       0%         2x1d10    100%        6
 Starburst                Conj/Fire      0%         6d3       100%        6


Dungeon Overview and Level Annotations

Branches:
Dungeon (5/15)
 Temple: D:4-7

Altars:
Cheibriados
Elyvilon
Fedhas
Hepliaklqana
Xom
Yredelemnul

Shops:
D:2 [   D:4 [


Innate Abilities, Weirdness & Mutations

You are a hulking beast.
Your limbs bulge with bestial killing power. (Slay +2)
You cannot wear most types of armour.
You are amphibious.
You can wear up to eight rings at the same time.
Your skin changes colour to match your surroundings (Stealth+).
Your rubbery body absorbs attacks. (AC +1, EV +1)
((You are camouflaged when in or above water. (Stealth+)))
You have tentacles for arms and can constrict up to eight enemies at once.


Message History

You start resting.
HP restored.
You climb downwards.
You hear the hiss of flowing sand.
There is an entrance to an ossuary on this level.
Hurry and find it before the portal is buried!
There is a stone staircase leading up, spattered with blood here.
The black bear growls angrily.
You barely miss the black bear. Your grab misses the black bear.
Your squeeze misses the black bear. The black bear closely misses you. x2
The black bear claws you.
You tentacle-slap the black bear. Your grab misses the black bear.
The black bear is lightly wounded.
The black bear bites you. The black bear claws you. x2
You tentacle-slap the black bear. Your grab misses the black bear.
The black bear is moderately wounded.
A quokka comes into view.
The black bear barely misses you. The black bear claws you.
The black bear closely misses you.
You closely miss the black bear. You grab the black bear.
The black bear is moderately wounded.
You constrict the black bear, but do no damage.
You tentacle-slap the black bear.
The black bear is moderately wounded.
You constrict the black bear. The black bear bites you.
The black bear completely misses you. The black bear claws you.
You bludgeon the black bear!
The black bear is severely wounded.
You constrict the black bear.
The black bear goes berserk!
You tentacle-slap the black bear.
The black bear is almost dead.
You constrict the black bear, but do no damage.
The black bear bites you. The black bear barely misses you.
The black bear claws you. The black bear bites you!
* * * LOW HITPOINT WARNING * * *
The black bear barely misses you. The black bear claws you.
* * * LOW HITPOINT WARNING * * *
You tentacle-slap the black bear.
The black bear is almost dead.
You constrict the black bear. The black bear bites you!
You die...

#.#
#.#
#.#
#†#
#.#
#.#
#r#
#h#
#h#
###


You could see a black bear (berserk) and a quokka.

Vanquished Creatures
  Menkaure (D:4)
  2 black bears
  A scorpion (D:5)
  3 hounds (D:4)
  A jelly (D:4)
  An orc priest (D:3)
  An iron imp (D:3)
  An iguana (D:4)
  2 adders
  A worm (D:2)
  A dart slug (D:1)
  3 orcs
  3 bats (D:3)
  6 endoplasms
  7 giant cockroaches
  5 goblins
  8 hobgoblins
  5 jackals
  3 quokkas
  5 ball pythons
  5 frilled lizards
  3 kobolds
  A rat (D:1)
69 creatures vanquished.

Notes
Turn   | Place    | Note
-------+----------+-------------------------------------------
     0 | D:1      | night the Octopode Shapeshifter began the quest for the
                  | Orb.
     0 | D:1      | Reached XP level 1. HP: 13/13 MP: 1/1
   282 | D:1      | Reached XP level 2. HP: 14/18 MP: 2/2
   719 | D:2      | Reached XP level 3. HP: 23/23 MP: 3/3
   814 | D:2      | Found Vitou's Antique Armour Boutique.
   856 | D:2      | Reached skill level 1 in Stealth
  1441 | D:3      | Reached XP level 4. HP: 10/28 MP: 4/4
  1632 | D:3      | Found a snail-covered altar of Cheibriados.
  1639 | D:3      | Reached skill level 2 in Stealth
  1677 | D:3      | Found a shimmering altar of Xom.
  1703 | D:3      | Found a hazy altar of Hepliaklqana.
  1866 | D:3      | Reached XP level 5. HP: 29/34 MP: 5/5
  1987 | D:4      | Found a white marble altar of Elyvilon.
  2029 | D:4      | Reached skill level 4 in Unarmed Combat
  2118 | D:4      | Reached skill level 2 in Fighting
  2286 | D:4      | Reached XP level 6. HP: 32/39 MP: 6/6
  2374 | D:4      | Noticed Menkaure
  2378 | D:4      | Killed Menkaure
  2532 | D:4      | Noticed a black bear
  2539 | D:4      | Killed a black bear
  2540 | D:4      | Reached XP level 7. HP: 16/45 MP: 7/7
  2735 | D:4      | Found a basalt altar of Yredelemnul.
  3016 | D:4      | Found Egruumy's Armour Shop.
  3094 | D:4      | Found a blossoming altar of Fedhas.
  3125 | D:5      | Entered Level 5 of the Dungeon
  3138 | D:5      | Reached skill level 5 in Unarmed Combat
  3284 | D:5      | Slain by a black bear

Illustrated notes

Levels and vault maps discovered:
D:1:      dpeg_arrival_lava_temple_mockup, layout_basic,
          minmay_misc_feat_diagonals
D:2:      layout_basic, serial_shops, shop, grunt_ministairs_2,
          minmay_misc_feat_four_crosses
D:3:      layout_rooms, slow_altar_1, mainiacjoe_overflow_catwalk,
          nicolae_overflow_crystal_walls
D:4:      layout_loops_cross, kennysheep_ying_yang,
          lemuel_coloured_pillars_altar, serial_shops, shop, uniq_menkaure
D:5:      layout_basic, okawaru_metal_pillars_3, grunt_dithmenos_shadows,
          mainiacjoe_overflow_surrounded_room, nzn_wu_jian_contemplation,
          chequers_ossuary_entry_cave

Skill      XL: |  1  2  3  4  5  6  7 |
---------------+----------------------+-----
Stealth        | 1 2 3 |  3.9
Unarmed Combat | 4 5 |  5.1
Fighting       | 2 3 |  3.0
Shapeshifting  | 4 |  4.8
Dodging        | 3 |  3.6

Action                     |  1- 3 |  4- 6 |  7- 9 || total
---------------------------+-------+-------+-------++-------
  Melee: Unarmed           |    65 |    67 |    23 ||   155
         Constrict         |    17 |    11 |     4 ||    32
         Tentacles         |    10 |    15 |     7 ||    32
         Punch             |     1 |     1 |     1 ||     3
    Use: Scroll            |       |       |     7 ||     7
   Stab: Sleeping          |     9 |     4 |       ||    13
 Armour: Skin              |    19 |    32 |    22 ||    73
  Dodge: Dodged            |    24 |    32 |    16 ||    72
   Form: Anaconda          |       |     1 |       ||     1
         Beast             |       |     1 |       ||     1

Table legend: (Time is in decaauts)
 A = Elapsed time spent in this place.
 B = Non-inter-level travel time spent in this place.
 C = Inter-level travel time spent in this place.
 D = Time resting spent in this place.
 E = Time spent auto-exploring this place.
 F = Levels seen in this place.
 G = Mean time per level.
                   A        B        C        D        E       F      G
               +--------+--------+--------+--------+--------+-----+--------+
         Total |   3273 |   3169 |    104 |    299 |   2383 |   5 |  654.6 |
       Dungeon |   3273 |   3169 |    104 |    299 |   2383 |   5 |  654.6 |
               +--------+--------+--------+--------+--------+-----+--------+

Top non-repeatable levels by time:
     D:4: 1329 daAuts
     D:2: 822 daAuts
     D:1: 572 daAuts
     D:3: 512 daAuts
     D:5: 36 daAuts
